 Dungeon Crawl Stone Soup version 0.29.1-15-g9cfb28693d (webtiles) character file.

Game seed: 6790859503051541022

317 protoss039 the Digger (level 6, 42/46 HPs)
             Began as a Demonspawn Earth Elementalist on Mar 25, 2023.
             Got out of the dungeon alive.
             The game lasted 00:04:29 (2477 turns).

protoss039 the Digger (DsEE)                        Turns: 2477, Time: 00:04:30

Health: 42/46      AC:  6    Str:  8    XL:     6   Next: 20%
Magic:  10/10      EV: 16    Int: 19    God:
Gold:   121        SH:  0    Dex: 13    Spells: 5/11 levels left

rFire   x . .      SeeInvis .   s - staff of earth
rCold   + . .      Faith    .   (no shield)
rNeg    . . .      Spirit   .   h - +0 ring mail
rPois   .          Reflect  .   w - +0 helmet
rElec   .          Harm     .   (no cloak)
rCorr   .          Rampage  .   (no gloves)
Will    .....                   (no boots)
Stlth   +.........              o - amulet of magic regeneration
HPRegen 0.15/turn               p - +4 ring of evasion
MPRegen 0.52/turn               g - ring of ice

@: no status effects
A: claws 1, repulsion field 1, foul stench 1
a: no special abilities


You escaped.
You visited 1 branch of the dungeon, and saw 3 of its levels.

You collected 121 gold pieces.

Inventory:

Hand Weapons
 c - a +0 short sword
Armour
 h - a +0 ring mail (worn)
 w - a +0 helmet (worn)
Magical Staves
 a - a staff of poison
 s - a staff of earth (weapon)
Jewellery
 g - a ring of ice (right claw)
 o - an amulet of magic regeneration (around neck)
 p - a +4 ring of evasion (left claw)
Scrolls
 d - a scroll of noise {unknown}
 e - a scroll of silence {unknown}
 f - a scroll of summoning {unknown}
 k - a scroll of magic mapping {unknown}
 l - a scroll of identify
 m - a scroll of acquirement {unknown}
 r - a scroll of torment {unknown}
 t - 3 scrolls of teleportation {unknown}
Potions
 b - a potion of magic
 n - 3 potions of resistance
 q - a potion of attraction {unknown}
 u - a potion of cancellation {unknown}
 v - a potion of flight {unknown}


   Skills:
 + Level 2.7 Fighting
 * Level 3.1 Armour
 - Level 1.7 Dodging
 - Level 1.7 Stealth
 + Level 3.2 Spellcasting
 - Level 0.8 Transmutations
 + Level 3.8 Earth Magic


You had 5 spell levels left.
You knew the following spells:

 Your Spells              Type           Power      Damage    Failure   Level
a - Sandblast             Erth           52%        2d12      9%          1
b - Passwall              Tmut/Erth      14%        N/A       26%         2
c - Stone Arrow           Conj/Erth      30%        3d8       52%         3

Your spell library contained the following spells:

 Spells                   Type           Power      Damage    Failure   Level
 Petrify                  Tmut/Erth      17%        N/A       86%         4


Dungeon Overview and Level Annotations

Branches:
Dungeon (3/15) Zot: 15486

Altars:


Innate Abilities, Weirdness & Mutations

You have sharp fingernails.
You are surrounded by a mild repulsion field. (EV +2)
You may rarely emit foul miasma when damaged in melee.


Message History

Aim: Grinder (almost dead, 81% to hit)
You feel a surge of power!
You miscast Sandblast.
Nothing appears to happen.
Grinder gestures at you.
You suddenly lose the ability to move!
Grinder rolls her eyes.
Grinder gestures at you.
You barely resist.
You can move again.
Unknown command.
Casting: Sandblast (safe; 12% risk of failure)
Confirm with . or Enter, or press ? or * to list all spells.
Aiming: Sandblast (safe; 12% risk of failure)
Press: ? - help, Shift-Dir - straight line, f/p - Grinder
Aim: Grinder (almost dead, 81% to hit)
You feel a surge of power!
The blast of sand hits Grinder!
You kill Grinder!
Your Armour skill increases to level 3!
Your Spellcasting skill increases to level 3!
You have reached level 5!
You have reached level 6!
Your demonic ancestry asserts itself...
You begin to emit a foul stench of rot and decay.
Unknown command.
Your magical contamination has completely faded away.
There is a stone staircase leading up here.
You climb upwards.
There is a stone staircase leading down here.
(D) Dungeon
Where to? (Enter - D:3 @ (x,y), ? - help)
What level of the Dungeon? (default 1, ? - help)
Things that are here:
3 stones; a +0 short sword
There is a stone staircase leading up here.
You climb upwards.
There is a stone staircase leading down here.
You see here a +0 dagger.
You see here a +0 club.
There is a staircase leading out of the dungeon here.
Are you sure you want to leave the Dungeon?
This will make you lose the game!
You have escaped!

..###############.#.......# #.##
..# #.#...(...# #.##
..###############.#...)...# #.##
..................#.......## #.##
##..####################...###.##
##..##...# #.....####..##.##
##.##...# #..##...###.##.##
#.##...# ##..####..##.##.## #
#......# #@.## ##..#).#.## #
####.### #..# #..##...## # #.#
#..## ##..#..### # #.## ##..###
##..#..... # #..###
#....###...##.### # ##...#
##..........#.# # ###.##
##.........#.# # #..#
###.........#.# #
##.#####.......#...#.#


There were no monsters in sight!

Vanquished Creatures
  Grinder (D:3)
  A scorpion (D:3)
  An adder (D:2)
  2 dart slugs
  3 ball pythons
  5 endoplasms
  2 giant cockroaches
  5 goblins
  3 hobgoblins (D:2)
  3 jackals (D:1)
  5 quokkas
  3 bats (D:1)
  5 frilled lizards
  4 kobolds
  6 rats
49 creatures vanquished.

Notes
Turn   | Place    | Note
-------+----------+-------------------------------------------
     0 | D:1      | protoss039 the Demonspawn Earth Elementalist began the
                  | quest for the Orb.
     0 | D:1      | Reached XP level 1. HP: 13/13 MP: 3/3
   360 | D:1      | Gained mutation: You are surrounded by a mild repulsion
                  | field. (EV +2) [demonic ancestry]
   360 | D:1      | Reached XP level 2. HP: 20/20 MP: 0/5
   689 | D:1      | Reached skill level 1 in Fighting
  1329 | D:1      | Found a faded altar of an unknown god.
  1334 | D:1      | Gained mutation: You have sharp fingernails. [demonic
                  | ancestry]
  1334 | D:1      | Reached XP level 3. HP: 26/26 MP: 3/6
  1534 | D:2      | Reached skill level 1 in Armour
  1933 | D:3      | Noticed a scorpion
  1950 | D:3      | Killed a scorpion
  1951 | D:3      | Reached XP level 4. HP: 4/33 MP: 4/8
  2211 | D:3      | Learned a level 2 spell: Passwall
  2215 | D:3      | Learned a level 3 spell: Stone Arrow
  2286 | D:3      | Noticed Grinder
  2302 | D:3      | Paralysed by Grinder for 4 turns
  2306 | D:3      | Killed Grinder
  2307 | D:3      | Reached XP level 5. HP: 14/39 MP: 9/9
  2307 | D:3      | Gained mutation: You may rarely emit foul miasma when
                  | damaged in melee. [demonic ancestry]
  2307 | D:3      | Reached XP level 6. HP: 16/46 MP: 10/10
  2477 | D:$      | Got out of the dungeon alive.

Illustrated notes

Levels and vault maps discovered:
D:1:      dpeg_arrival_round_b, layout_basic,
          hellmonk_ecumenical_altar_slurped_away, kennysheep_pointless_box
D:2:      layout_rooms, minmay_mini_jars
D:3:      layout_basic, lemuel_crystal_altar, grunt_temple_overflow_open,
          uniq_jessica, uniq_grinder

Skill      XL: |  1  2  3  4 |
---------------+-------------+-----
Fighting       | 1 2 |  2.7
Earth Magic    | 3 |  3.8
Armour         | 2 3 |  3.1
Spellcasting   | 3 |  3.2
Dodging        | |  1.7
Stealth        | |  1.7
Transmutations | |  0.8

Action                   |  1- 3 |  4- 6 || total
-------------------------+-------+-------++-------
Melee: Short sword       |    25 |       ||    25
       Unarmed           |     6 |       ||     6
       Staff             |    20 |       ||    20
       Punch             |     1 |       ||     1
 Cast: Sandblast         |    62 |     5 ||    67
  Use: Scroll            |     1 |       ||     1
       Potion            |     3 |       ||     3
Armor: Robe              |    11 |       ||    11
       Ring mail         |    15 |       ||    15
Dodge: Dodged            |    94 |     1 ||    95
